 Dungeon Crawl Stone Soup version 0.32-a0-520-g344ed53f66 (webtiles) character file.

Game seed: 14756877184773960672

1191 zenocrate the Cleaver (level 8, -2/59 HPs)
             Began as a Minotaur Chaos Knight on Feb 27, 2024.
             Was a Plaything of Xom.
             Killed by an exploding shadow imp (34 damage)
             ... ignited by their inner flame
             ... on level 5 of the Dungeon.
             The game lasted 00:05:34 (4961 turns).

zenocrate the Cleaver (Minotaur Chaos Knight)       Turns: 4961, Time: 00:05:35

Health: -2/59      AC:  8    Str: 25    XL:     8   Next: 20%
Magic:  14/16      EV: 11    Int:  9    God:    Xom [*.....]
Gold:   436        SH:  0    Dex: 10    Spells: 5/7 levels left

rFire   . . .        b - +0 war axe
rCold   + . .        (no shield)
rNeg    . . .        f - +2 leather armour
rPois   .            (helmet restricted)
rElec   +            r - +1 cloak
rCorr   .            (no gloves)
SInv    .            (no boots)
Will    .....        (no amulet)
Stlth   +            w - ring "Poek Rascha" {rElec rC+ MP+9}
HPRegen 1.09/turn    x - +6 ring of strength
MPRegen 0.15/turn

%: no passive effects
@: spiked, on blink cooldown
A: horns 2, retaliatory headbutt, frail 1, regeneration 1
a: Renounce Religion


You were on level 5 of the Dungeon.
You worshipped Xom.
You were a special plaything of Xom.
You visited 1 branch of the dungeon, and saw 5 of its levels.
You also visited: Sewer.

You collected 436 gold pieces.

Inventory:

Hand Weapons
 a - a +0 hand axe of chaos
 b - a +0 war axe (weapon)
Missiles
 i - a curare-tipped dart
 t - 14 poisoned darts (quivered)
Armour
 f - a +2 leather armour (worn)
 r - a +1 cloak (worn)
Jewellery
 w - the ring "Poek Rascha" (left hand) {rElec rC+ MP+9}
   (You found it on level 4 of the Dungeon)

   [ring of magical power]

   rC+:       It protects you from cold.
   rElec:     It insulates you from electricity.
   MP+9:      It affects your magic capacity (+9).
 x - a +6 ring of strength (right hand)
Wands
 p - a wand of flame (29)
 q - a wand of charming (14)
Scrolls
 o - a scroll of enchant armour
 y - a scroll of identify
Potions
 d - 2 potions of berserk rage
 e - a potion of ambrosia
 h - 3 potions of attraction
 j - 2 potions of degeneration
 k - 3 potions of enlightenment
 l - 2 potions of haste {unknown}
 m - 3 potions of brilliance {unknown}
 n - a potion of heal wounds
 s - a potion of cancellation {unknown}
 u - 2 potions of invisibility {unknown}
 v - a potion of resistance {unknown}
 z - a potion of might {unknown}
 A - 2 potions of curing {unknown}


   Skills:
 + Level 4.1 Fighting
 + Level 9.5 Axes
 - Level 6.4 Armour
 - Level 1.1 Dodging
 - Level 3.2 Evocations


You had 5 spell levels left.
You knew the following spells:

 Your Spells              Type           Power      Damage    Failure   Level
x - Blink                 Tloc           0%         N/A       56%         2

Your spell library contained the following spells:

 Spells                   Type           Power      Damage    Failure   Level
 Lesser Beckoning         Tloc           0%         N/A       56%         2
 Momentum Strike          Conj/Tloc      0%         3d8       56%         2
 Summon Ice Beast         Ice/Summ       0%         N/A       80%         3
 Animate Dead             Necr           0%         N/A       99%         4
 Summon Mana Viper        Hex/Summ       0%         N/A       100%        5
 Haunt                    Necr/Summ      0%         N/A       100%        7
 Monstrous Menagerie      Summ           0%         N/A       100%        7
 Infestation              Necr           0%         N/A       100%        8


Dungeon Overview and Level Annotations

Branches:
Dungeon (5/15)              Sewer (visited)
 Temple: D:4-7

Altars:
Fedhas
Gozag
Hepliaklqana
Makhleb
Nemelex Xobeh
Qazlal
Xom
Zin
The Shining One

Shops:
D:4 *

Annotations:
D:4 1 runed translucent door, cforsyth's ghost, novice CoGl


Innate Abilities, Weirdness & Mutations

You have a pair of horns on your head.
You reflexively headbutt those who attack you in melee.
You are frail. (-10% HP)
Your natural rate of healing is unusually fast.


Message History

The fiery explosion engulfs the red devil.
The red devil completely resists.
The red devil is moderately wounded.
The fiery explosion engulfs you.
Xom thinks this is hilarious!
You are engulfed in blazing flames.
* * * LOW HITPOINT WARNING * * *
The shadow imp closely misses your butterfly.
The red devil hits you from afar with a +0 trident.
* * * LOW HITPOINT WARNING * * *
Barbed spikes become lodged in your body.
Okay, then.
Casting: Blink (dangerous; 56% risk of failure)
Confirm with . or Enter, or press ? or * to list all spells.
You blink.
The ufetubus closely misses you. The ufetubus hits you.
* * * LOW HITPOINT WARNING * * *
The ufetubus barely misses you.
The ufetubus hits you but does no damage.
Unknown command.
Okay, then.
You feel much better.
The ufetubus hits you but does no damage.
The ufetubus barely misses you. The shadow imp hits you.
You hit the shadow imp.
Flame seeps out of the shadow imp.
The shadow imp is almost dead.
You barely miss the ufetubus. The ufetubus closely misses you.
The ufetubus hits you but does no damage.
The shadow imp is engulfed in blazing flames.
The shadow imp disappears in a puff of smoke!
The shadow imp explodes!
The fiery explosion engulfs your butterfly!!
You kill your butterfly!
Your butterfly disappears in a burst of colours!
The fiery explosion engulfs the ufetubus!!!
The ufetubus is burned terribly!
The ufetubus disappears in a puff of smoke!
The fiery explosion engulfs you!!
Ouch! That really hurt!
You die...
Xom howls with laughter!

###..........<...5##...####...#
# ###############5####.# ##..##
#§# #.# #...## #§# #.# ##....#
#4# #.# ##..#..# ###### ######
#.# ##.###..###.#
#....###....###b# #..##..## #.#
##......# #..§○§# ##....## #.#
##..###### #...@§# #...## ####
#..## #..~~~# ##### #.##
#...#### #..~~~# #..# #......##
##.~~~~# #..#
######..####÷~~~~.# ##..#
#......÷########## ##.### #
##................## ##.## #
##..###..(#####.....####.##
####..## #...## ####...##.##


You could see a red devil (summoned, inner flame) and a white imp (summoned,
inner flame).

Vanquished Creatures
  An ice beast (D:5)
  A sky beast (D:4)
  An ogre (D:5)
  A phantom (D:5)
  3 kobold brigands
  2 scorpions
  A bombardier beetle (D:4)
  2 hounds
  Ijyb (D:5)
  2 iguanas
  A sleepcap (D:4)
  An orc wizard (D:4)
  Terence (D:2)
  7 gnolls (D:3)
  A river rat (Sewer)
  6 adders
  A white imp (D:4)
  3 ribbon worms
  A dart slug (D:4)
  10 orcs
  10 ball pythons
  4 endoplasms
  A giant cockroach (D:1)
  6 goblins
  15 hobgoblins
  51 kobolds
  3 quokkas
  2 bats (D:1)
  3 frilled lizards
  5 rats
147 creatures vanquished.

Vanquished Creatures (collateral kills)
  A kobold (Sewer)
1 creature vanquished.

Vanquished Creatures (others)
  A kobold zombie (D:3)
1 creature vanquished.

Grand Total: 149 creatures vanquished

Notes
Turn   | Place    | Note
-------+----------+-------------------------------------------
     0 | D:1      | zenocrate the Minotaur Chaos Knight began the quest for the
                  | Orb.
     0 | D:1      | Reached XP level 1. HP: 19/19 MP: 0/0
    57 | D:1      | You fall into a shaft and drop 1 floor!
    64 | D:2      | Reached skill level 4 in Axes
   100 | D:2      | XOM: silly message
   174 | D:2      | Reached XP level 2. HP: 26/26 MP: 1/1
   179 | D:2      | Found a glowing silver altar of Zin.
   275 | D:2      | Noticed Terence
   282 | D:2      | Killed Terence
   283 | D:2      | Reached skill level 5 in Axes
   283 | D:2      | Reached XP level 3. HP: 15/31 MP: 2/2
   310 | D:2      | XOM: silly message
   483 | D:1      | XOM: noise
  1283 | D:2      | Reached XP level 4. HP: 24/39 MP: 3/3
  1329 | D:2      | XOM: 2-stop teleportation journey
  1619 | D:2      | XOM: silly message
  1725 | D:3      | XOM: smoke on damage
  1744 | D:3      | XOM: silly message
  1859 | D:3      | Found a faded altar of an unknown god.
  1904 | D:3      | Found a shimmering altar of Xom.
  1923 | D:3      | Found a blossoming altar of Fedhas.
  1954 | D:3      | Found a glowing golden altar of the Shining One.
  2011 | D:3      | Found a hazy altar of Hepliaklqana.
  2044 | D:3      | Found a burning altar of Makhleb.
  2232 | D:3      | Found a stormy altar of Qazlal.
  2283 | D:3      | Reached skill level 6 in Axes
  2295 | D:3      | XOM: god gift: jewelled gold wand {god gift}
  2442 | D:3      | Noticed a kobold brigand
  2448 | D:3      | Killed a kobold brigand
  2449 | D:3      | Reached XP level 5. HP: 34/45 MP: 4/4
  2702 | D:3      | XOM: give mutations
  2702 | D:3      | Gained mutation: You are somewhat resistant to further
                  | mutation. [Xom's mischief]
  2702 | D:3      | Lost mutation: You are somewhat resistant to further
                  | mutation. [Xom's mischief]
  2702 | D:3      | Gained mutation: You are frail. (-10% HP) [Xom's mischief]
  2702 | D:3      | Gained mutation: Your natural rate of healing is unusually
                  | fast. [Xom's mischief]
  2749 | D:3      | Reached XP level 6. HP: 24/45 MP: 5/5
  2783 | D:3      | Reached skill level 5 in Armour
  2785 | D:3      | XOM: scenery: create altars
  2794 | D:3      | Reached skill level 7 in Axes
  3041 | D:4      | Found a sparkling altar of Nemelex Xobeh.
  3122 | D:4      | Found an opulent altar of Gozag.
  3133 | D:4      | Found Gozag's Platinum Reserve.
  3215 | D:4      | Identified the ring "Poek Rascha" {rElec rC+ MP+9}
  3250 | D:4      | Found a runed translucent door.
  3324 | D:4      | XOM: chaos cloud
  3436 | D:4      | Reached XP level 7. HP: 51/51 MP: 6/6
  3500 | D:4      | Reached skill level 8 in Axes
  3677 | D:4      | Noticed cforsyth's ghost (novice CoGl)
  3692 | D:5      | Entered Level 5 of the Dungeon
  3770 | D:5      | Learned a level 2 spell: Blink
  3898 | D:5      | XOM: silly message
  3943 | D:5      | Reached skill level 1 in Evocations
  4044 | D:5      | XOM: 1-stop teleportation journey
  4046 | D:5      | XOM: summons 2 hostile shadow creatures
  4055 | D:5      | XOM: smoke on damage
  4279 | D:5      | Found a glowing drain.
  4303 | Sewer    | Entered a sewer
  4374 | Sewer    | XOM: enchant monster (good)
  4375 | Sewer    | XOM: summons 2 friendly demons
  4379 | Sewer    | Reached skill level 9 in Axes
  4379 | Sewer    | Reached XP level 8. HP: 16/57 MP: 7/7
  4435 | Sewer    | Found a white marble altar of Elyvilon.
  4714 | D:5      | XOM: noise
  4856 | D:5      | Noticed Ijyb
  4862 | D:5      | Killed Ijyb
  4948 | D:5      | XOM: summons 5 hostile demons
  4949 | D:5      | Noticed a red devil
  4961 | D:5      | Killed by an exploding shadow imp... ignited by their inner
                  | flame

Illustrated notes

Levels and vault maps discovered:
D:1:      amcnicky_arrival_single_pillar, layout_loops_ring
D:2:      layout_basic, basic_altar, uniq_terence
D:3:      minmay_goblin_kobold_castle, layout_loops_ring,
          nzn_hepliaklqana_mist_gate, mainiacjoe_overflow_small_starburst,
          mainiacjoe_overflow_24_doors, lightli_temple_of_fire,
          mainiacjoe_overflow_large_starburst, hellmonk_ecumenical_altar_run_dry
D:4:      layout_rooms, nicolae_gozag_zags_fifth_avenue,
          mainiacjoe_overflow_surrounded_room, ebering_ghost_reflecting_pool,
          minmay_puff
D:5:      layout_layer_cave, portal_sewer_entry_b, uniq_ijyb

Skill      XL: |  1  2  3  4  5  6  7  8 |
---------------+-------------------------+-----
Axes           | 4 5 6 7 9 |  9.5
Armour         | 3 4 6 |  6.4
Evocations     | 2 3 |  3.2
Fighting       | 4 |  4.1
Dodging        | |  1.1

Action                     |  1- 3 |  4- 6 |  7- 9 || total
---------------------------+-------+-------+-------++-------
  Melee: Hand axe          |    64 |   212 |    54 ||   330
         Headbutt          |    11 |    30 |     6 ||    47
         War axe           |       |       |    37 ||    37
   Cast: Blink             |       |       |     1 ||     1
  Evoke: Wand              |       |       |     1 ||     1
    Use: Scroll            |       |       |    11 ||    11
         Potion            |       |       |     1 ||     1
   Stab: Confused          |     1 |       |     1 ||     2
 Armour: Leather armour    |    41 |   143 |    62 ||   246
  Dodge: Dodged            |    41 |   122 |    56 ||   219
         Repelled          |       |     2 |       ||     2

Table legend: (Time is in decaauts)
 A = Elapsed time spent in this place.
 B = Non-inter-level travel time spent in this place.
 C = Inter-level travel time spent in this place.
 D = Time resting spent in this place.
 E = Time spent auto-exploring this place.
 F = Levels seen in this place.
 G = Mean time per level.
                   A        B        C        D        E       F      G
               +--------+--------+--------+--------+--------+-----+--------+
         Total |   4995 |   4902 |     93 |      0 |   4013 |   6 |  832.5 |
       Dungeon |   4785 |   4692 |     93 |      0 |   3861 |   5 |  957.0 |
         Sewer |    210 |    210 |      0 |      0 |    152 |   1 |  210.0 |
               +--------+--------+--------+--------+--------+-----+--------+

Top non-repeatable levels by time:
     D:3: 1342 daAuts
     D:5: 1096 daAuts
     D:2: 1021 daAuts
     D:1: 668 daAuts
     D:4: 656 daAuts
   Sewer: 210 daAuts
